 Dungeon Crawl Stone Soup version 0.29-a0-284-gf9362112df (webtiles) character file.

Game seed: 668962430124387744

41 spaghetti the Changer (level 3, 0/30 HPs)
             Began as a Deep Dwarf Transmuter on Mar 24, 2022.
             Was a High Priest of Ignis.
             Slain by a gnoll
             ... wielding a +0 club
              (7 damage)
             ... on level 2 of the Dungeon.
             The game lasted 00:02:24 (1114 turns).

spaghetti the Changer (Deep Dwarf Transmuter)       Turns: 1114, Time: 00:02:25

Health: 0/30       AC:  2    Str: 13    XL:     3   Next: 32%
Magic:  2/4        EV: 12    Int: 15    God:    Ignis [*****.]
Gold:   63         SH:  0    Dex: 13    Spells: 2/5 levels left

rFire   + . .      SeeInvis .   c - +0 club {mace}
rCold   . . .      Faith    .   (no shield)
rNeg    . . .      Spirit   .   a - +0 robe
rPois   .          Reflect  .   (helmet currently unavailable)
rElec   .          Harm     .   (no cloak)
rCorr   .          Rampage  .   (no gloves)
Will    .....                   (boots currently unavailable)
Stlth   +.........              (no amulet)
HPRegen 0.00/turn               (no ring)
MPRegen 0.09/turn               (no ring)

@: appendages (expiring), wereblooded
A: horns 2, talons 2, damage resistance, heal wounds, sense surroundings 1, no
regeneration
a: Heal Wounds, End Transformation, Renounce Religion, Fiery Armour, Foxfire
Swarm, Rising Flame


You were on level 2 of the Dungeon.
You worshipped Ignis.
Ignis was extremely pleased with you.
You had temporarily grown beastly horns and talons.
You visited 1 branch of the dungeon, and saw 2 of its levels.

You collected 63 gold pieces.


Innate Abilities, Weirdness & Mutations

You have temporarily grown beastly horns and talons.
You are resistant to damage.
You can heal yourself by infusing magical energy.
You passively map a small area around you.
You do not regenerate.


   Skills:
 - Level 0.8 Fighting
 - Level 2.1 Dodging
 - Level 2.6 Unarmed Combat
 - Level 1.7 Spellcasting
 + Level 3.4 Transmutations


You had 2 spell levels left.
You knew the following spells:

 Your Spells              Type           Power      Damage    Failure   Level
a - Beastly Appendage     Tmut           22%        N/A       5%          1
b - Wereblood             Tmut           11%        N/A       9%          2

Your spell library contained the following spells:

 Spells                   Type           Power      Damage    Failure   Level
 Spider Form              Tmut/Pois      6%         N/A       32%         3
 Ice Form                 Ice/Tmut       6%         N/A       73%         4
 Summon Forest            Summ/Tloc      0%         N/A       99%         5
 Summon Mana Viper        Hex/Summ       1%         N/A       99%         5
 Summon Cactus Giant      Summ           0%         N/A       100%        6

Inventory:

Hand Weapons
 c - a +0 club (weapon) {mace}
   (You took it off a kobold on level 1 of the Dungeon)
Missiles
 d - 83 stones (quivered) {throwing}
Armour
 a - a +0 robe (worn)
 e - a +0 hat (melded)
   (You found it on level 1 of the Dungeon)
Scrolls
 f - a scroll of amnesia {unknown}
Potions
 b - a potion of lignification {!q}
 g - a potion of haste {unknown}

Dungeon Overview and Level Annotations

Branches:
Dungeon (2/15)

Altars:
Ignis

Annotations:
D:1 1 exclusion

* ** * # * *
.# #######.###
*
###vv........*
#g@gv........
,
#v#gv(.....$.,
#v#vv<.......
#.#..........
,
#.##.........
#............
####.........
#....(.... ,
#####.#### ,*


You could see 3 gnolls.


Message History

The gnoll shouts! x2; You hear an angry hiss.
Found 19 stones and 10 gold pieces.
Found a stone staircase leading up.
There is a stone staircase leading up here.
There are monsters nearby!
Unknown command.
Unknown command.
There are monsters nearby!
There are monsters nearby!
You throw a stone {throwing}. The gnoll shouts!
The stone {throwing} hits the gnoll but does no damage.
A frilled lizard comes into view.
A rat comes into view.
There is a stone staircase leading up here.
You see here a book of the Wilderness.
You pick up a book of the Wilderness and begin reading...
You add the spells Summon Forest, Summon Mana Viper and Summon Cactus Giant to your library.
Casting: Beastly Appendage (safe; 6% risk of failure)
Confirm with . or Enter, or press ? or * to list all spells.
Your blood is infused with primal strength.
The frilled lizard bites you but does no damage. 😎 MP[-2]
You lost 2 mp, and now have 2/4 mp.
Casting: Wereblood (safe; 9% risk of failure)
Confirm with . or Enter, or press ? or * to list all spells.
You grow a pair of large bovine horns.
Your feet morph into talons.
Your +0 hat melds into your body.
The frilled lizard bites you. 😎 MP[-1]
You lost 1 mp, and now have 1/4 mp.
You miss the frilled lizard. The frilled lizard bites you.
You miss the frilled lizard.
The frilled lizard bites you but does no damage.
You miss the frilled lizard. You claw the frilled lizard.
You kill the frilled lizard!
The gnoll misses you.
You hit the gnoll. You claw the gnoll.
The gnoll hits you with a +0 whip. 😕 HP[-2]
You take 2 damage, and now have 28/30 hp.
You closely miss the gnoll. You headbutt the gnoll.
The gnoll hits you with a +0 whip!
You barely miss the gnoll. You claw the gnoll.
You feel a bit better.
You kill the gnoll!
The gnoll closely misses you.
You hit the rat.
You feel a bit better.
You kill the rat!
The gnoll hits you from afar with a +0 spear. 😕 HP[-5] MP[+1]
You take 5 damage, and now have 23/30 hp.
You hear a shout!
The gnoll hits you with a +0 club.
The gnoll hits you from afar with a +0 spear.
Things that are here:
a +0 whip {mace}; a gnoll corpse; 😮 HP[-4]
You take 4 damage, and now have 19/30 hp.
You are too injured to fight recklessly!
You are too injured to fight recklessly!
You are too injured to fight recklessly!
You are too injured to fight recklessly!
You are too injured to fight recklessly!
You are too injured to fight recklessly!
You are too injured to fight recklessly!
You are too injured to fight recklessly!
You are too injured to fight recklessly!
You are too injured to fight recklessly!
You are too injured to fight recklessly!
You are too injured to fight recklessly!
You are too injured to fight recklessly!
You are too injured to fight recklessly!
You are too injured to fight recklessly!
You are too injured to fight recklessly!
You are too injured to fight recklessly!
You are too injured to fight recklessly!
You are too injured to fight recklessly!
You are too injured to fight recklessly!
You are too injured to fight recklessly!
Unknown command.
You closely miss the gnoll. Your kick misses the gnoll. You headbutt the gnoll.
You howl as the wereblood boils in your veins!
The gnoll hits you from afar with a +0 spear.
* * * LOW HITPOINT WARNING * * *
😨 HP[-4]
You take 4 damage, and now have 15/30 hp.
A gnoll comes into view. It is wielding a +0 flail.
The gnoll shouts!
The gnoll hits you with a +0 flail!
* * * LOW HITPOINT WARNING * * *
The gnoll hits you with a +0 spear.
* * * LOW HITPOINT WARNING * * *
The gnoll hits you but does no damage.
There is a stone staircase leading up, spattered with blood here. 😱 HP[-8]
You take 8 damage, and now have 7/30 hp.
MASSIVE DAMAGE!! (PAUSE)
Okay, then.
Activating: Foxfire Swarm
Press: ? - help, Dir - look around, f - activate Flames leap up around you!
Your transformation is almost over.
The gnoll barely misses you. The gnoll hits you with a +0 spear.
The gnoll hits you with a +0 club!
You die...

Skill      XL: |  1  2 |
---------------+-------+-----
Transmutations | 2 3 |  3.4
Fighting       | |  0.8
Dodging        | |  2.1
Unarmed Combat | |  2.6
Spellcasting   | |  1.7

Action                   || total
-------------------------++-------
Melee: Club              ||    69
       Unarmed           ||     2
       Headbutt          ||     4
       Kick              ||     8
Throw: Stone             ||    36
 Cast: Beastly Appendage ||     8
       Wereblood         ||     6
Invok: Foxfire Swarm     ||     1
 Abil: Heal Wounds       ||     1
 Stab: Sleeping          ||     2
Armor: Robe              ||    10
Dodge: Dodged            ||    44

Levels and vault maps discovered:
D:1:      wander_arrival_fairy_ring, layout_loops_ring,
          hellmonk_ecumenical_altar_inner_sanctum, minmay_misc_feat_columns,
          lexackson_kobold_supper
D:2:      minmay_skewed_foursquare, layout_loops_corners, basic_altar

Notes
Turn   | Place    | Note
-------+----------+-------------------------------------------
     0 | D:1      | spaghetti the Deep Dwarf Transmuter began the quest for the
                  | Orb.
     0 | D:1      | Reached XP level 1. HP: 16/16 MP: 3/3
     0 | D:1      | magus.rc [v1.9.6]
    46 | D:1      | Reached skill level 2 in Transmutations
   156 | D:1      | Reached XP level 2. HP: 12/24 MP: 2/4
   162 | D:1      | Learned a level 2 spell: Wereblood
   537 | D:1      | Reached skill level 3 in Transmutations
   587 | D:1      | Found a faded altar of an unknown god.
   721 | D:1      | Prayed at the altar of an unknown god.
   721 | D:1      | Became a worshipper of Ignis, the Dying Flame
   883 | D:1      | Reached XP level 3. HP: 30/30 MP: 1/4
  1101 | D:2      | You pick up a book of the Wilderness and begin reading...
  1101 | D:2      | You add the spells Summon Forest, Summon Mana Viper and
                  | Summon Cactus Giant to your library.
  1113 | D:2      | HP: 7/30 [gnoll/+0 spear (2)]
  1114 | D:2      | Slain by a gnoll

Vanquished Creatures
  A gnoll (D:2)
  A dart slug (D:1)
  3 endoplasms (D:1)
  A giant cockroach (D:1)
  A goblin (D:1)
  3 hobgoblins (D:1)
  7 kobolds (D:1)
  3 ball pythons (D:1)
  5 frilled lizards
  3 rats
28 creatures vanquished.

Vanquished Creatures (others)
  9 plants (D:1)
9 creatures vanquished.

Grand Total: 37 creatures vanquished

Table legend:
 A = Non-vault XP
 B = Vault XP
 C = Vault XP percentage of total XP
 D = Non-vault monster count
 E = Vault monster count
 F = Vault count percentage of total count
                 A         B        C        D         E       F
            +---------+---------+-------+---------+---------+-------
      Total |      49 |      10 |  16.9 |      21 |       7 |  25.0
            +---------+---------+-------+---------+---------+-------
        D:1 |      33 |      10 |  23.3 |      18 |       7 |  28.0
        D:2 |      16 |       0 |   0.0 |       3 |       0 |   0.0
            +---------+---------+-------+---------+---------+-------

Illustrated notes

Table legend:
 A = Kills in this place as a percentage of kills in entire the game.
 B = Kills by you in this place as a percentage of kills by you in the entire game.
 C = Kills by friends in this place as a percentage of kills by friends in the entire game.
 D = Other kills in this place as a percentage of other kills in the entire game.
 E = Experience gained in this place as a percentage of experience gained in the entire game.
 F = Experience gained in this place divided by the number of levels of this place that you have seen.
                   A       B       C       D       E      F
               +-------+-------+-------+-------+-------+----------------------
         Total | 100.0 | 100.0 |   N/A |   N/A | 100.0 |  29.5
       Dungeon | 100.0 | 100.0 |   N/A |   N/A | 100.0 |  29.5
               +-------+-------+-------+-------+-------+----------------------

Table legend: (Time is in decaauts)
 A = Elapsed time spent in this place.
 B = Non-inter-level travel time spent in this place.
 C = Inter-level travel time spent in this place.
 D = Time resting spent in this place.
 E = Time spent auto-exploring this place.
 F = Levels seen in this place.
 G = Mean time per level.
                   A        B        C        D        E       F      G
               +--------+--------+--------+--------+--------+-----+--------+
         Total |   1137 |   1064 |     73 |      0 |    804 |   2 |  568.5 |
       Dungeon |   1137 |   1064 |     73 |      0 |    804 |   2 |  568.5 |
               +--------+--------+--------+--------+--------+-----+--------+

Top non-repeatable levels by time:
     D:1: 1115 daAuts
     D:2: 22 daAuts
